 Dungeon Crawl Stone Soup version 0.22.1-1-ga44c0e5 (webtiles) character file.

5 Harpaggios the Sneak (level 1, -1/9 HPs)
             Began as a Vine Stalker Enchanter on Oct 19, 2018.
             Slain by a hobgoblin (3 damage)
             ... on level 1 of the Dungeon.
             The game lasted 00:01:50 (54 turns).

Harpaggios the Sneak (Vine Stalker Enchanter)         Turns: 54, Time: 00:01:51

Health: -1/9       AC:  2    Str: 10    XL:     1   Next: 80%
Magic:  0/4        EV: 12    Int: 15    God:
Gold:   0          SH:  0    Dex: 14    Spells: 3/4 levels left

rFire    . . .     SeeInvis .   a - +1 dagger
rCold    . . .     Gourm    .   (no shield)
rNeg     . . .     Faith    .   b - +0 robe
rPois    .         Spirit   +   (no helmet)
rElec    .         Reflect  .   (no cloak)
rCorr    .         Harm     .   (no gloves)
MR       .....                  (no boots)
Stlth    ++........             (no amulet)
HPRegen  0.03/turn              (no ring)
MPRegen  0.09/turn              (no ring)

@: very slightly contaminated
A: fangs 2, magic shield, antimagic bite, no potion heal 3, rot immunity
a: no special abilities


You were on level 1 of the Dungeon.
You were not hungry.

You visited 1 branch of the dungeon, and saw 1 of its levels.

Inventory:

Hand Weapons
 a - a +1 dagger (weapon)
Armour
 b - a +0 robe (worn)
Comestibles
 d - a ration


   Skills:
 + Level 1.1 Short Blades
 - Level 1.5 Dodging
 - Level 3.6 Stealth
 + Level 2.3 Spellcasting
 + Level 3.1 Hexes


You had 3 spell levels left.
You knew the following spells:

 Your Spells              Type           Power        Failure   Level  Hunger
a - Corona                Hex            ##.....      6%          1    #......

Your spell library contained the following spells:

 Spells                   Type           Power        Failure   Level  Hunger
 Ensorcelled Hibernation  Hex/Ice        #.....       17%         2    ###....
 Confuse                  Hex            ##......     19%         3    ###....
 Tukima's Dance           Hex            ##......     19%         3    ###....
 Dazzling Spray           Conj/Hex       #.....       34%         3    ###....


Dungeon Overview and Level Annotations

Branches:
Dungeon (1/15)

Altars:


Innate Abilities, Weirdness & Mutations

You have extremely sharp teeth.
When hurt, damage is shared between your health and your magic reserves.
Your bite disrupts and absorbs the magic of your enemies.
Potions cannot restore your health.
You are immune to rotting.


Message History

Aiming: Corona (safe; 6% risk of failure)
Press: ? - help, Shift-Dir - straight line, f - hobgoblin
Aim: a hobgoblin (chance to defeat MR: 64%)
You miscast Corona.
You are very lightly contaminated with residual magic.
You feel off-balance for a moment.
Found a hand axe.
Casting: Corona (safe; 6% risk of failure)
Confirm with . or Enter, or press ? or * to list all spells.
Aiming: Corona (safe; 6% risk of failure)
Press: ? - help, Shift-Dir - straight line, f/p - hobgoblin
Aim: a hobgoblin (chance to defeat MR: 64%)
The hobgoblin is outlined in light.
You hit the hobgoblin.
The hobgoblin is severely wounded.
The hobgoblin closely misses you.
You hit the hobgoblin but do no damage.
The hobgoblin is severely wounded.
The hobgoblin hits you.
You die...

##.........#
##..#######..#
####...#†.†..#..#
#......#.≈≈≈.#..#
#.###...#.ww≈.#..###
#.....#†wX≈.#....#
#.#...#..††.#?...#
#...#..#######..#.#
....###....g@.......
.### ##.......#.#..
#####.### #... ##...
..... ....) ...#.


You could see a hobgoblin, a neutral kraken and 3 neutral tentacles.

Vanquished Creatures
  4 jackals (D:1)
4 creatures vanquished.

Vanquished Creatures (others)
  A ghoul (D:1)
  A minotaur (D:1)
  2 draconians (D:1)
  2 octopodes (D:1)
  An elf (D:1)
  A formicid (D:1)
  A spriggan (D:1)
  A naga (D:1)
  A dwarf (D:1)
  A mummy (D:1)
  5 tentacles (D:1)
17 creatures vanquished.

Grand Total: 21 creatures vanquished

Notes
Turn   | Place    | Note
-------+----------+-------------------------------------------
     0 | D:1      | Harpaggios the Vine Stalker Enchanter began the quest for
                  | the Orb.
     0 | D:1      | Reached XP level 1. HP: 9/9 MP: 4/4
     0 | D:1      | Noticed a naga
     0 | D:1      | Noticed a formicid
     0 | D:1      | Noticed a dwarf
     0 | D:1      | Noticed a spriggan
     0 | D:1      | Noticed an elf
     0 | D:1      | Noticed a ghoul
     0 | D:1      | Noticed a kraken
     0 | D:1      | Noticed an octopode
     0 | D:1      | Noticed an octopode
     0 | D:1      | Noticed a draconian
     0 | D:1      | Noticed a draconian
     0 | D:1      | Noticed a minotaur
     6 | D:1      | Killed an octopode
     6 | D:1      | Killed a minotaur
     9 | D:1      | Killed an octopode
     9 | D:1      | Killed a draconian
    13 | D:1      | Killed a dwarf
    13 | D:1      | Killed a draconian
    15 | D:1      | Killed a formicid
    15 | D:1      | Killed a naga
    15 | D:1      | Killed a spriggan
    16 | D:1      | Killed an elf
    20 | D:1      | Killed a ghoul
    22 | D:1      | Reached skill level 1 in Short Blades
    54 | D:1      | Slain by a hobgoblin

Skill      XL: |  1 |
---------------+----+-----
Short Blades   | 1 |  1.1
Dodging        | |  1.5
Stealth        | |  3.6
Spellcasting   | |  2.3
Hexes          | |  3.1

Action                   || total
-------------------------++-------
Melee: Dagger            ||    22
       Bite              ||     4
 Cast: Corona            ||     7
Armor: Robe              ||     5
Dodge: Dodged            ||    17
